 Dungeon Crawl Stone Soup version 0.21-a0-426-g98080a9 (webtiles) character file.

761414 theanonym the Hoplite (level 27, -6/349 (355) HPs)
             Began as a Demonspawn Fighter on Nov 6, 2017.
             Was the Champion of Makhleb.
             Engulfed by Gloorx Vloq's foul pestilence (7 damage)
             ... in Pandemonium.
             The game lasted 05:02:43 (73580 turns).

theanonym the Hoplite (Demonspawn Fighter)         Turns: 73580, Time: 05:02:44

HP:   -6/349 (355)  AC: 45    Str: 36    XL:     27
MP:   36/37         EV: 26    Int: 15    God:    Makhleb [******]
Gold: 2950          SH: 30    Dex: 18    Spells: 29/46 levels left

rFire    + + +     SeeInvis +   a - +9 broad axe (elec)
rCold    + + +     Gourm    .   c - +2 large shield {rC+ rF+}
rNeg     + . .     Faith    .   Q - +12 gold dragon scales
rPois    +         Spirit   .   J - +0 hat {Int+3}
rElec    +         Reflect  .   v - +2 cloak of the Thief {+Fog Slay-2 SInv Stlth+}
rCorr    +         Harm     .   S - +3 pair of gloves of Classification {rF++ Str+2}
MR       ++...     Rnd*Tele +   (boots unavailable)
Stlth    ..........             E - amulet of regeneration
HPRegen  0.00/turn              Y - ring of positive energy
MPRegen  0.25/turn              g - +4 ring of evasion

@: agile, berserking, lethally poisoned (-6 -> -72), resistant, very slightly
contaminated, non-regenerating, badly diseased, hasted and slowed
A: hooves 3, molten scales 3, demonic guardian 3, mutation resistance 1,
regeneration 1, shaggy fur 1, spiny 3, strong 1, teleportitis 1, augmentation 3,
MP-powered wands
}: 5/15 runes: serpentine, barnacled, silver, abyssal, glowing
a: Minor Destruction, Lesser Servant of Makhleb, Major Destruction, Greater
Servant of Makhleb, Renounce Religion, Evoke Fog


Innate Abilities, Weirdness & Mutations

You have hooves in place of feet.
You are completely covered in molten scales. (AC +4, rF+)
A powerful demonic guardian rushes to your aid.
You are completely covered in sharp spines.
Your magical and physical power is greatly enhanced at high health.
You are somewhat resistant to further mutation.
Your natural rate of healing is unusually fast.
You are covered in fur. (AC +1)
Your muscles are strong. (Str +2)
You are occasionally teleported next to monsters.
You expend magic power (3 MP) to strengthen your wands.


   Skills:
 - Level 23.9 Fighting
 - Level 18.0 Axes
 - Level 15.0 Armour
 - Level 15.0 Dodging
 - Level 25.0 Shields
 - Level 10.0 Spellcasting
 - Level 5.0 Charms
 + Level 16.8 Necromancy
 + Level 12.0 Transmutations
 - Level 17.4 Invocations
 - Level 11.0 Evocations


You had 29 spell levels left.
You knew the following spells:

 Your Spells              Type           Power        Failure   Level  Hunger
a - Deflect Missiles      Chrm/Air       ###.......   100%        6    ######.
b - Necromutation         Tmut/Necr      ######....   100%        8    #######
r - Regeneration          Chrm/Necr      #####.....   3%          3    None

Skill      XL: |  1  2  3  4  5  6  7  8  9 10 11 12 13 14 15 16 17 18 19 20 21 22 23 24 25 26 27 |
---------------+----------------------------------------------------------------------------------+-----
Axes           | 2 3 4 5 6 8 9 10 11 12 13 14 15 17 18 | 18.0
Armour         | 3 4 5 6 7 8 9 10 11 13 14 15 | 15.0
Shields        | 3 4 5 6 7 8 9 10 11 12 15 19 20 21 22 23 25 | 25.0
Fighting       | 4 5 6 7 9 10 12 13 14 15 16 17 18 19 20 21 23 | 23.9
Invocations    | 1 3 4 6 8 9 10 11 17 | 17.4
Dodging        | 2 3 5 6 8 9 10 12 14 15 | 15.0
Necromancy     | 2 6 9 10 16 | 16.8
Spellcasting   | 2 5 7 10 | 10.0
Charms         | 2 5 |  5.0
Evocations     | 5 11 | 11.0
Transmutations | 12 | 12.0

Action                   |  1- 3 |  4- 6 |  7- 9 | 10-12 | 13-15 | 16-18 | 19-21 | 22-24 | 25-27 || total
-------------------------+-------+-------+-------+-------+-------+-------+-------+-------+-------++-------
Melee: War axe           |   106 |   105 |   285 |   704 |   454 |       |   115 |       |       ||  1769
       Kick              |       |    17 |    68 |       |   114 |   282 |   500 |   481 |  1210 ||  2672
       Broad axe         |       |       |       |       |   205 |   896 |   890 |   992 |  2602 ||  5585
       Shillelagh        |       |       |       |       |       |       |       |     5 |       ||     5
 Fire: Hunting sling     |       |       |       |       |       |   206 |    42 |     1 |     2 ||   251
Throw: Tomahawk          |       |       |     6 |    29 |     5 |       |       |       |       ||    40
 Cast: Regeneration      |       |       |       |       |       |       |       |     6 |   150 ||   156
Invok: Heroism           |       |       |     1 |    10 |     9 |    27 |    24 |     7 |     7 ||    85
       Finesse           |       |       |       |     3 |     4 |    12 |    12 |     1 |     3 ||    35
       Greater Servant o |       |       |       |       |       |       |       |       |    18 ||    18
 Abil: Evoke Fog         |       |       |       |       |       |       |       |       |    58 ||    58
Evoke: Wand              |       |       |    15 |    25 |     6 |       |       |     4 |    16 ||    66
       Phantom mirror    |       |       |       |       |       |       |       |       |     1 ||     1
  Use: Potion            |       |     6 |     1 |     2 |     5 |    11 |     2 |     4 |    45 ||    76
       Scroll            |       |       |    17 |     9 |    11 |    17 |     9 |     6 |    34 ||   103
 Stab: Confused          |       |       |     2 |     1 |       |       |       |       |     1 ||     4
       Distracted        |       |       |       |     7 |     6 |    10 |     2 |     6 |    10 ||    41
       Paralysed         |       |       |       |     3 |     4 |       |       |       |     2 ||     9
  Eat: Chunk             |     1 |    15 |    14 |    29 |    29 |    29 |    17 |    15 |    22 ||   171
       Meat ration       |       |       |       |       |       |       |     1 |     2 |     1 ||     4
       Bread ration      |       |       |       |       |       |       |     1 |     2 |    17 ||    20
Armor: Scale mail        |    64 |    43 |     7 |    10 |   233 |   203 |   126 |   105 |   165 ||   956
       Chain mail        |       |       |    57 |       |       |       |       |       |       ||    57
       Ring mail         |       |       |    29 |   228 |       |       |       |       |       ||   257
       Gold dragon scale |       |       |       |       |       |       |       |       |   409 ||   409
Dodge: Dodged            |    34 |    18 |    64 |   162 |   175 |   244 |   189 |   166 |   650 ||  1702
       Deflected         |       |       |     4 |     9 |     5 |    34 |    16 |     1 |       ||    69
Block: Shield            |    68 |    47 |   151 |   386 |   369 |   426 |       |       |       ||  1447
       Large shield      |       |       |       |       |       |   156 |  1061 |   959 |  2700 ||  4876
       Reflection        |       |       |       |       |       |    51 |   157 |   124 |    58 ||   390

Inventory:

Hand Weapons
 a - a +9 broad axe of electrocution (weapon)
   (You bought it in a shop on level 2 of the Orcish Mines)
 b - the +10 hunting sling "Zaleunn" {god gift, venom, rN+ Int+4}
   (Okawaru gifted it to you on level 14 of the Dungeon)

   It poisons the ammo it fires.
   It affects your intelligence (+4).
   It protects you from negative energy.
Missiles
 l - 322 sling bullets
Armour
 c - a +2 large shield of resistance (worn)
   (You took it off a warmonger in Pandemonium)
 t - the +0 scale mail "Luwihuf" {rElec rCorr Str+8 Dex-5}
   (You found it on level 2 of the Vaults)

   It affects your strength (+8).
   It affects your dexterity (-5).
   It insulates you from electricity.
   It protects you from acid and corrosion.
 u - a +0 cloak of poison resistance
   (You acquired it on level 2 of the Vaults)
 v - the +2 cloak of the Thief (worn) {+Fog Slay-2 SInv Stlth+}
   (You found it on level 5 of the Vaults)

   It affects your accuracy and damage with ranged weapons and melee attacks
   (-2).
   It lets you see invisible.
   It makes you more stealthy.
 J - a +0 hat of intelligence (worn)
   (You found it on level 5 of the Vaults)
 Q - +12 gold dragon scales (worn)
   (You found it on level 4 of the Vaults)
 S - the +3 pair of gloves of Classification (worn) {rF++ Str+2}
   (You found it on level 4 of the Shoals)

   It affects your strength (+2).
   It greatly protects you from fire.
Jewellery
 g - a +4 ring of evasion (right hand)
   (You took it off a tengu reaver on level 3 of the Depths)
 h - the amulet of Udili {Reflect Int+3 SH+6 SInv}
   (You found it on level 3 of the Elven Halls)

   [amulet of reflection]

   It shields you and reflects attacks.
   It affects your intelligence (+3).
   It lets you see invisible.
   It affects your SH (+6).
 A - an uncursed ring of protection from cold
   (You found it in an ice cave)
 E - an amulet of regeneration (around neck)
   (You found it on level 2 of the Depths)
 U - a +5 ring of protection
   (You took it off a blood saint in Pandemonium)
 Y - a ring of positive energy (left hand)
   (You took it off a deep elf death mage on level 3 of the Elven Halls)
Wands
 x - a wand of digging (4/24)
   (You took it off Ijyb on level 3 of the Dungeon)
 O - a wand of acid (1/15)
   (You found it on level 11 of the Dungeon)
 R - a wand of acid (10/15)
   (You found it in Pandemonium)
 V - a wand of clouds (5/9)
   (You found it on level 3 of the Elven Halls)
Scrolls
 f - 10 scrolls of recharging
 r - 21 scrolls of identify
 s - 4 scrolls of fear {!r}
 w - 6 scrolls of blinking
 y - 10 scrolls of immolation
 z - 22 scrolls of teleportation {!r}
 B - 10 scrolls of magic mapping {!r}
 C - 2 scrolls of silence
 D - 4 scrolls of torment {!r}
 F - 28 scrolls of remove curse
 M - 8 scrolls of fog {!r}
 X - 2 scrolls of summoning
Potions
 d - a potion of mutation
 i - 18 potions of curing
 j - 2 potions of brilliance
 k - 2 potions of agility
 n - 5 potions of haste
 o - 13 potions of flight
 q - 2 potions of heal wounds
 H - 2 potions of cancellation
 I - 2 potions of resistance
 K - 7 potions of might
 N - 8 potions of ambrosia
 P - a potion of magic
 W - a potion of invisibility
Miscellaneous
 G - 3 phantom mirrors
Comestibles
 e - 18 bread rations
 m - 29 meat rations
 p - 32 royal jellies

Dungeon Overview and Level Annotations

Branches:
Dungeon (15/15)            Temple (1/1) D:5            Lair (6/6) D:11
 Shoals (4/4) Lair:2        Snake (4/4) Lair:2        Slime (0/5) Lair:6
    Orc (2/2) D:9             Elf (3/3) Orc:2        Vaults (5/5) D:14
  Crypt (3/3) Vaults:2       Tomb (0/3) Crypt:3      Depths (5/5) D:15
    Zot (2/5) Depths:5

Altars:
Ashenzari
Cheibriados
Dithmenos
Elyvilon
Fedhas
Gozag
Hepliaklqana
Kikubaaqudgha
Makhleb
Nemelex Xobeh
Okawaru
Qazlal
Ru
Sif Muna
Trog
Uskayaw
Vehumet
Wu Jian
Xom
Yredelemnul
Zin
The Shining One
Beogh

Shops:
D:8 (   D:10 (?:**   Orc:2 *?*(!   Elf:1 [   Elf:2 ?   Snake:4 =}=   Vaults:2 *
Vaults:4 !   Depths:2 %!   Depths:4 [

Portals:
Hell: Depths:1 Depths:2 Depths:3 Depths:4 Depths:5
Abyss: Depths:4
Pandemonium: Depths:1 Depths:3
Ziggurat: Depths:4

Annotations:
Lair:1 exclusion: 3 oklob plants
Lair:6 exclusion: 2 oklob plants
Snake:4 exclusion: oklob plant
Elf:2 5 runed doors
Crypt:3 Mennas
Depths:5 exclusions: obsidian statue and 4 more exclusions
Pan Gloorx Vloq You were in Pandemonium. You worshipped Makhleb. Makhleb was exalted by your worship. You were hungry. You visited 11 branches of the dungeon, and saw 50 of its levels. You visited Pandemonium 2 times, and saw 9 of its levels. You visited the
Abyss 2 times. You also visited: Ice Cave. You collected 8873 gold pieces. You spent 5923 gold pieces at shops.


Message History

The foul vapour engulfs the Executioner.
The Executioner completely resists.
You block the Executioner's attack. x3
The Executioner is struck by your spines.
You kill the Executioner!
Nothing appears to happen.
This wand has 4 charges left.
You are engulfed in dark miasma.
You are poisoned.
* * * LOW HITPOINT WARNING * * *
You feel sick.
Gloorx Vloq calls on the powers of darkness!
Your body is wracked with pain!
* * * LOW HITPOINT WARNING * * *
You take 27 damage, and have 28/237 hp.
You now have 34/37 mp.
You feel much better.
You are engulfed in dark miasma.
* * * LOW HITPOINT WARNING * * *
You feel sick. You block Gloorx Vloq's attack. x2
The Executioner gestures.
The Executioner seems to speed up.
You regained 12 hp, and now have 40/237 hp.
You feel protected.
You feel sick.
Gloorx Vloq gestures.
You block Gloorx Vloq's attack.
You take 1 damage, and have 39/237 hp.
Unknown command.
You feel yourself speed up.
You feel sick. Gloorx Vloq gestures at you. The poison arrow hits you!
You are more poisoned.
You block Gloorx Vloq's attack.
A red film seems to cover your vision as you go berserk!
You feel yourself moving faster!
You feel mighty!
You feel sick. Gloorx Vloq gestures at you. The foul vapour engulfs you!
You now have 58/355 hp.
Your gold dragon scales prevents you from hitting Gloorx Vloq.
Your kick misses Gloorx Vloq.
You are engulfed in dark miasma.
* * * LOW HITPOINT WARNING * * *
You feel sick.
Gloorx Vloq hits you but does no damage.
You take 5 damage, and have 53/355 hp.
You closely miss Gloorx Vloq. You kick Gloorx Vloq!!
You are engulfed in dark miasma.
* * * LOW HITPOINT WARNING * * *
You feel sick.
Gloorx Vloq calls on the powers of darkness!
Your body is wracked with pain!
* * * LOW HITPOINT WARNING * * *
You take 23 damage, and have 30/355 hp.
You slash Gloorx Vloq! You kick Gloorx Vloq!
You are engulfed in dark miasma.
* * * LOW HITPOINT WARNING * * *
You feel sick. Gloorx Vloq is struck by your spines.
Gloorx Vloq completely misses you.
You take 5 damage, and have 25/355 hp.
You are too berserk!
You are too berserk!
You are too berserk!
You slice Gloorx Vloq!! You kick Gloorx Vloq!
You are engulfed in dark miasma.
You feel sick. You block Gloorx Vloq's attack.
You are too berserk!
You are too berserk!
You are too berserk!
Your gold dragon scales prevents you from hitting Gloorx Vloq.
You kick Gloorx Vloq.
You feel sick. Gloorx Vloq gestures at you. The foul vapour engulfs you!
You are more poisoned.
* * * LOW HITPOINT WARNING * * *
You take 14 damage, and have 11/355 hp.
Unknown command.
You are too berserk!
Unknown command.
You are too berserk!
Unknown command.
You slice Gloorx Vloq!! Your kick misses Gloorx Vloq.
You are engulfed in dark miasma.
You feel your flesh rotting away!
You feel yourself slow down.
You feel sick. Gloorx Vloq gestures at you. The foul vapour engulfs you!
You feel your flesh rotting away!
* * * LOW HITPOINT WARNING * * *
You take 5 damage, and have 6/352 hp.
You open Gloorx Vloq like a pillowcase!!!
You kick Gloorx Vloq!
You are engulfed in dark miasma.
You are more poisoned.
You feel your flesh rotting away!
You feel ill.
You feel as though you will be slow longer.
* * * LOW HITPOINT WARNING * * *
x2 You feel very sick.
You hear a hideous shriek!
Gloorx Vloq calls on the powers of darkness!
You feel a surge of unholy energy.
You take 5 damage, and have 1/351 hp.
You slash Gloorx Vloq! You kick Gloorx Vloq.
You are engulfed in dark miasma.
You feel your flesh rotting away!
You feel ill.
You feel as though you will be slow longer.
You die...

**,,,,,**,*,*
**,,,,,*,,*,*
**,,,,,*,**,****
***,,,,,,,,,,,,*##
,,,,*,*#,,*****#.#
***,*,##..#####§#
* *,*,.......#1##
***,*****,*##.#&##
,,,,,,,,,,##.###@#
###########.######
...............#
.#.#.#.#.#.#.#.#
..)............#
##+######'##.#.#
,,....§.††##1..#
**...####..#§#§#
,,..,,,.##†#&§§#


You could see Gloorx Vloq and an Executioner.

Notes
Turn   | Place    | Note
-------+----------+-------------------------------------------
     0 | D:1      | theanonym the Demonspawn Fighter began the quest for the Orb.
     0 | D:1      | Reached XP level 1. HP: 18/18 MP: 1/1
   144 | D:1      | Reached skill level 2 in Axes
   230 | D:1      | Gained mutation: You are partially covered in sharp spines. [demonic ancestry]
   230 | D:1      | Reached XP level 2. HP: 24/24 MP: 2/2
   367 | D:1      | Found a glowing golden altar of the Shining One.
   564 | D:1      | Reached XP level 3. HP: 23/29 MP: 3/3
   925 | D:2      | Reached skill level 3 in Armour
   925 | D:2      | Reached skill level 3 in Shields
  1233 | D:2      | Reached XP level 4. HP: 31/35 MP: 4/4
  1240 | D:2      | HP: 12/35 [worm (8)]
  1246 | D:2      | HP: 11/35 [poisoned by an adder]
  1734 | D:3      | Noticed Sigmund
  1835 | D:3      | HP: 16/35 [something/magic dart (2)]
  1839 | D:3      | Gained mutation: You expend magic power (3 MP) to strengthen your wands. [potion of mutation]
  1839 | D:3      | Gained mutation: Your mind is acute. (Int +2) [potion of mutation]
  1844 | D:3      | HP: 12/35 [something (10)]
  1846 | D:3      | Killed Sigmund
  1846 | D:3      | Reached skill level 4 in Fighting
  1846 | D:3      | Reached skill level 3 in Axes
  1846 | D:3      | Gained mutation: You are partially covered in molten scales. (AC +2) [demonic ancestry]
  1846 | D:3      | Reached XP level 5. HP: 12/42 MP: 5/5
  2078 | D:3      | Lost mutation: You expend magic power (3 MP) to strengthen your wands. [potion of mutation]
  2078 | D:3      | Lost mutation: Your mind is acute. (Int +2) [potion of mutation]
  2078 | D:3      | Gained mutation: You have sharp toenails. [potion of mutation]
  2078 | D:3      | Gained mutation: You are weak. (Str -2) [potion of mutation]
  2078 | D:3      | Gained mutation: Your body sometimes deteriorates upon taking damage. [potion of mutation]
  2078 | D:3      | Gained mutation: You have a pair of small antennae on your head. [potion of mutation]
  2079 | D:3      | Lost mutation: You have sharp toenails. [potion of mutation]
  2079 | D:3      | Lost mutation: Your body sometimes deteriorates upon taking damage. [potion of mutation]
  2079 | D:3      | Gained mutation: You have large cloven feet. [potion of mutation]
  2079 | D:3      | Gained mutation: You have sharp fingernails. [potion of mutation]
  2087 | D:3      | Found an iron altar of Okawaru.
  2124 | D:3      | Became a worshipper of Warmaster Okawaru
  2145 | D:3      | Gained mutation: You are mostly covered in molten scales. (AC +3) [demonic ancestry]
  2145 | D:3      | Reached XP level 6. HP: 48/48 MP: 6/6
  2163 | D:3      | Reached skill level 4 in Axes
  2204 | D:3      | Noticed Ijyb
  2215 | D:3      | Killed Ijyb
  2225 | D:3      | Reached skill level 1 in Invocations
  2548 | D:3      | Noticed Natasha
  2555 | D:3      | Killed Natasha
  2759 | D:4      | Noticed Menkaure
  2792 | D:3      | Noticed Natasha
  2796 | D:3      | Killed Natasha
  2880 | D:4      | Reached skill level 4 in Armour
  2880 | D:4      | Gained mutation: A weak demonic guardian rushes to your aid. [demonic ancestry]
  2880 | D:4      | Reached XP level 7. HP: 54/54 MP: 8/8
  2893 | D:4      | Found a radiant altar of Vehumet.
  2939 | D:4      | Found an ancient bone altar of Kikubaaqudgha.
  2985 | D:4      | Killed Menkaure
  2985 | D:4      | Reached * piety under Okawaru
  2985 | D:4      | Reached skill level 4 in Shields
  2985 | D:4      | Reached skill level 2 in Invocations
  3275 | D:4      | HP: 26/55 [orc priest/nerve-wracking pain (7)]
  3282 | D:4      | HP: 25/55 [orc warrior/broad axe (3)]
  3299 | D:4      | HP: 26/55 [giant cockroach (2)]
  3495 | D:4      | Reached skill level 5 in Axes
  3547 | D:5      | Entered Level 5 of the Dungeon
  3717 | D:5      | Found a staircase to the Ecumenical Temple.
  3724 | D:5      | Reached skill level 3 in Invocations
  3730 | D:5      | Mutation became permanent: You have large cloven feet. [demonic ancestry]
  3730 | D:5      | Gained mutation: You have large cloven feet. [demonic ancestry]
  3730 | D:5      | Reached XP level 8. HP: 37/61 MP: 10/10
  4365 | D:6      | HP: 29/61 [iguana (5)]
  4367 | D:6      | Reached ** piety under Okawaru
  4578 | D:6      | Found a bloodstained altar of Trog.
  4954 | D:6      | Found a shadowy altar of Dithmenos.
  4963 | D:6      | HP: 20/61 [orc warrior/battleaxe (16)]
  4963 | D:6      | Reached skill level 5 in Fighting
  4968 | D:6      | HP: 18/62 [orc warrior/battleaxe (3)]
  4969 | D:6      | HP: 1/62 [orc warrior/battleaxe (17)]
  5517 | D:6      | Got a transparent ring mail
  5658 | D:7      | Noticed Pikel
  5696 | D:7      | Killed Pikel
  5696 | D:7      | Reached *** piety under Okawaru
  5696 | D:7      | Reached skill level 6 in Axes
  5696 | D:7      | Reached skill level 5 in Armour
  5696 | D:7      | Reached skill level 4 in Invocations
  5799 | D:7      | Reached skill level 5 in Shields
  5814 | D:7      | Reached XP level 9. HP: 54/69 MP: 12/12
  5820 | D:7      | Reached skill level 5 in Invocations
  5911 | D:7      | HP: 31/69 [wyvern zombie (4)]
  5917 | D:7      | HP: 22/69 [wyvern zombie (9)]
  5933 | D:7      | HP: 18/69 [wyvern zombie (7)]
  6235 | D:7      | Reached skill level 7 in Axes
  6311 | D:7      | Identified the +5 ring mail of the Desolation of Salt {*Contam rElec rC+ Int+4} (You found it on level 6 of the Dungeon)
  6373 | D:7      | Reached skill level 6 in Fighting
  6523 | D:7      | Found a runed door.
  6625 | D:7      | Noticed Crazy Yiuf
  6630 | D:7      | Killed Crazy Yiuf
  6653 | D:8      | Noticed zodiak12's ghost (novice DsFi)
  6663 | D:8      | HP: 26/69 [zodiak12's ghost (14)]
  6928 | D:8      | HP: 33/69 [wolf[Grum] (9)]
  6931 | D:8      | Noticed Grum
  6931 | D:8      | Reached **** piety under Okawaru
  6956 | D:8      | HP: 30/69 [wolf[Grum] (2)]
  7219 | D:8      | HP: 25/69 [zodiak12's ghost (11)]
  7220 | D:8      | Killed zodiak12's ghost
  7220 | D:8      | Reached skill level 6 in Armour
  7220 | D:8      | Reached skill level 6 in Invocations
  7475 | D:8      | Found Cigit's Weapon Emporium.
  7499 | D:8      | Found a shattered altar of Ashenzari.
  7542 | D:8      | Found a deep blue altar of Sif Muna.
  7547 | D:8      | Found a sacrificial altar of Ru.
  7647 | D:8      | Reached skill level 8 in Axes
  7715 | D:8      | Noticed a two-headed ogre
  7729 | D:8      | Reached skill level 6 in Shields
  7752 | D:7      | Killed a two-headed ogre
  7752 | D:7      | Reached ***** piety under Okawaru
  7752 | D:7      | Gained mutation: You are completely covered in molten scales. (AC +4, rF+) [demonic ancestry]
  7752 | D:7      | Reached XP level 10. HP: 60/77 MP: 15/15
  7846 | D:8      | Noticed a two-headed ogre
  7853 | D:8      | Killed a two-headed ogre
  7853 | D:8      | Reached skill level 7 in Invocations
  7978 | D:9      | Reached skill level 7 in Fighting
  8186 | D:9      | Found a hide-covered altar of Uskayaw.
  8236 | D:9      | Killed Grum
  8966 | D:9      | Reached skill level 9 in Axes
  9075 | D:9      | Noticed a two-headed ogre
  9108 | D:9      | Killed a two-headed ogre
  9108 | D:9      | Reached skill level 8 in Invocations
  9371 | D:9      | Reached skill level 7 in Armour
  9409 | D:9      | Found an opulent altar of Gozag.
  9655 | D:9      | Found a staircase to the Orcish Mines.
  9677 | Orc:1    | Entered Level 1 of the Orcish Mines
  9817 | Orc:1    | Found a roughly hewn altar of Beogh.
 10086 | D:10     | Entered Level 10 of the Dungeon
 10086 | D:10     | Found Moten's Assorted Antiques.
 10086 | D:10     | Found Hempeuh's Book Shop.
 10094 | D:10     | Reached ****** piety under Okawaru
 10101 | D:10     | Gained mutation: You are mostly covered in sharp spines. [demonic ancestry]
 10101 | D:10     | Reached XP level 11. HP: 83/85 MP: 17/17
 10108 | D:10     | Bought a scroll of identify for 52 gold pieces
 10108 | D:10     | Bought a purple potion for 23 gold pieces
 10108 | D:10     | Bought a scroll of identify for 52 gold pieces
 10543 | D:10     | Found Bireics's Assorted Antiques.
 10551 | D:10     | Bought a potion of might for 96 gold pieces
 10551 | D:10     | Bought a scroll of magic mapping for 84 gold pieces
 10551 | D:10     | Bought 3 scrolls of teleportation for 216 gold pieces
 10616 | D:10     | Reached skill level 7 in Shields
 10628 | D:10     | Received a gift from Okawaru
 10677 | D:10     | Found Tulup's Antique Weapon Shop.
 10824 | D:10     | Reached skill level 8 in Fighting
 10830 | D:10     | Reached skill level 9 in Invocations
 11147 | D:10     | Found Wigast's Magic Scroll Emporium.
 11150 | D:10     | Bought a scroll of identify for 24 gold pieces
 11332 | D:11     | Reached skill level 10 in Axes
 11417 | D:11     | Paralysed by a hornet for 1 turns
 11435 | D:11     | HP: 42/87 [electric eel/bolt of electricity (2)]
 11443 | D:11     | HP: 41/87 [poisoned by a hornet]
 11450 | D:11     | HP: 37/87 [poisoned by a hornet]
 11455 | D:11     | HP: 37/87 [poisoned by a hornet]
 11463 | D:11     | HP: 37/87 [poisoned by a hornet]
 11485 | D:11     | HP: 40/87 [electric eel/bolt of electricity (2)]
 11492 | D:11     | HP: 26/87 [water elemental (16)]
 11752 | D:11     | Found a staircase to the Lair.
 12313 | D:11     | Noticed a two-headed ogre
 12458 | D:11     | Killed a two-headed ogre
 12458 | D:11     | Reached skill level 9 in Fighting
 12628 | D:12     | Noticed a catoblepas
 12653 | D:11     | Killed a catoblepas
 12653 | D:11     | Reached skill level 8 in Armour
 12749 | D:12     | Reached XP level 12. HP: 95/95 MP: 19/19
 12756 | D:12     | Received a gift from Okawaru
 12757 | D:12     | Got a fine war axe {god gift}
 12758 | D:12     | Identified the +3 war axe of Jiniot {god gift, drain, -Tele +Inv rN++ SInv} (Okawaru gifted it to you on level 12 of the Dungeon)
 12778 | D:12     | Noticed a seven-headed hydra
 12790 | D:12     | Killed a seven-headed hydra
 12811 | D:12     | Noticed a two-headed ogre
 12820 | D:12     | Killed a two-headed ogre
 12820 | D:12     | Reached skill level 10 in Invocations
 12874 | D:12     | Reached skill level 8 in Shields
 13045 | D:12     | Lost mutation: You are weak. (Str -2) [potion of mutation]
 13045 | D:12     | Lost mutation: You have sharp fingernails. [potion of mutation]
 13045 | D:12     | Lost mutation: You have a pair of small antennae on your head. [potion of mutation]
 13045 | D:12     | Gained mutation: Scrolls take you a little longer to read. [potion of mutation]
 13045 | D:12     | Gained mutation: You are covered in fur. (AC +1) [potion of mutation]
 13084 | D:12     | Reached skill level 11 in Axes
 13224 | D:12     | Noticed zorance's ghost (journeyman MiFi)
 13263 | D:12     | Killed zorance's ghost
 13386 | D:12     | Reached skill level 10 in Fighting
 13422 | D:12     | Received a gift from Okawaru
 13681 | Lair:1   | Entered Level 1 of the Lair of Beasts
 14130 | Lair:1   | Noticed a six-headed hydra
 14140 | Lair:1   | Killed an eight-headed hydra
 14654 | Lair:2   | Found a staircase to the Snake Pit.
 14737 | Lair:2   | Received a gift from Okawaru
 14738 | Lair:2   | Got a polished scale mail {god gift}
 14741 | Lair:2   | Identified the +6 scale mail "Pesauj" {god gift, rElec rF- SInv Stlth+} (Okawaru gifted it to you on level 2 of the Lair of Beasts)
 14766 | Lair:2   | Gained mutation: You are frail. (-10% HP) [mutagenic glow]
 14825 | Lair:2   | Found a staircase to the Shoals.
 14956 | Lair:2   | Gained mutation: You have hoof-like feet. [demonic ancestry]
 14956 | Lair:2   | Reached XP level 13. HP: 65/94 MP: 20/20
 15082 | Lair:2   | Reached skill level 9 in Armour
 15137 | Lair:2   | Lost mutation: Scrolls take you a little longer to read. [potion of mutation]
 15137 | Lair:2   | Lost mutation: You are frail. (-10% HP) [potion of mutation]
 15137 | Lair:2   | Gained mutation: Armour fits poorly on your strangely shaped body. [potion of mutation]
 15137 | Lair:2   | Gained mutation: Scrolls take you a little longer to read. [potion of mutation]
 15137 | Lair:2   | Gained mutation: You are robust. (+10% HP) [potion of mutation]
 15137 | Lair:2   | Gained mutation: Your mind is acute. (Int +2) [potion of mutation]
 15305 | Lair:2   | Reached skill level 11 in Fighting
 15641 | Lair:3   | Reached skill level 12 in Axes
 15643 | Lair:3   | Reached skill level 9 in Shields
 16436 | Lair:3   | Found the +8 whip "Snakebite" {curare, rPois}
 16818 | Lair:4   | Reached skill level 1 in Dodging
 16992 | Lair:4   | Lost mutation: Your mind is acute. (Int +2) [potion of mutation]
 16992 | Lair:4   | Lost mutation: Scrolls take you a little longer to read. [potion of mutation]
 16992 | Lair:4   | Lost mutation: Armour fits poorly on your strangely shaped body. [potion of mutation]
 16992 | Lair:4   | Gained mutation: You are resistant to hostile enchantments. (MR+) [potion of mutation]
 17188 | Lair:4   | Received a gift from Okawaru
 17202 | Lair:4   | Reached skill level 2 in Dodging
 17674 | Lair:5   | Reached skill level 12 in Fighting
 17678 | Lair:5   | Received a gift from Okawaru
 18410 | Lair:6   | Entered Level 6 of the Lair of Beasts
 18493 | Lair:6   | HP: 58/118 [komodo dragon (4)]
 18504 | Lair:6   | HP: 58/118 [black mamba (3)]
 18757 | Lair:6   | Found a staircase to the Slime Pits.
 19145 | Lair:6   | Gained mutation: Your magical and physical power is slightly enhanced at high health. [demonic ancestry]
 19145 | Lair:6   | Reached XP level 14. HP: 118/126 MP: 21/21
 19289 | Lair:6   | Reached skill level 3 in Dodging
 19292 | Lair:6   | Received a gift from Okawaru
 19564 | Lair:4   | Reached skill level 13 in Axes
 19564 | Lair:4   | Reached XP level 15. HP: 134/134 MP: 22/22
 19720 | Orc:2    | Entered Level 2 of the Orcish Mines
 19877 | Orc:2    | Found Sosch's General Store.
 20007 | Orc:2    | Bought a scroll of magic mapping for 45 gold pieces
 20081 | Orc:2    | Found a staircase to the Elven Halls.
 20107 | Orc:2    | Found a roughly hewn altar of Beogh.
 20216 | Orc:2    | Reached skill level 14 in Axes
 20234 | Orc:2    | Found Zimolut's Magic Scroll Shop.
 20234 | Orc:2    | Found Unas's Antique Weapon Shoppe.
 20241 | Orc:2    | Reached skill level 10 in Armour
 20256 | Orc:2    | Reached skill level 10 in Shields
 20256 | Orc:2    | Reached skill level 4 in Dodging
 20258 | Orc:2    | Found Zyidgh's Assorted Antiques.
 20258 | Orc:2    | Found Kaop Sanamo's Distillery.
 20266 | Orc:2    | Reached skill level 13 in Fighting
 20316 | Orc:2    | Bought a runed broad axe for 273 gold pieces
 20513 | D:10     | Bought a scroll of identify for 24 gold pieces
 20513 | D:10     | Bought 2 scrolls of enchant weapon for 180 gold pieces
 20655 | Orc:2    | Bought a potion of heal wounds for 85 gold pieces
 20655 | Orc:2    | Bought a potion of might for 68 gold pieces
 20655 | Orc:2    | Bought a potion of might for 68 gold pieces
 21627 | Shoals:1 | Entered Level 1 of the Shoals
 23099 | D:14     | HP: 54/136 [titanic slime creature (48)]
 23362 | D:13     | Reached skill level 5 in Dodging
 23631 | D:14     | Got a creamy pearl robe
 23816 | D:14     | Received a gift from Okawaru
 23817 | D:14     | Got a crystal hunting sling {god gift}
 23833 | D:14     | HP: 68/136 [burnt (5)]
 23838 | D:14     | HP: 55/136 [smoke demon/ball of steam[a deep elf mage] (9)]
 24099 | D:14     | Identified the +10 hunting sling "Zaleunn" {god gift, venom, rN+ Int+4} (Okawaru gifted it to you on level 14 of the Dungeon)
 24183 | D:14     | Gained mutation: You have hooves in place of feet. [demonic ancestry]
 24183 | D:14     | Reached XP level 16. HP: 139/145 MP: 23/23
 24212 | D:14     | Found a gate to the Vaults.
 24478 | D:15     | Entered Level 15 of the Dungeon
 24570 | D:15     | Found a frozen archway.
 24590 | IceCv    | Entered an ice cave
 24927 | IceCv    | Reached skill level 14 in Fighting
 24985 | IceCv    | Reached skill level 15 in Axes
 24994 | IceCv    | HP: 71/146 [frost giant/bolt of cold (43)]
 25584 | D:15     | Reached skill level 11 in Shields
 25753 | D:15     | Received a gift from Okawaru
 25754 | D:15     | Found a staircase to the Depths.
 26372 | Elf:1    | Entered Level 1 of the Elven Halls
 26500 | Elf:1    | Reached skill level 6 in Dodging
 26509 | Elf:1    | Received a gift from Okawaru
 27285 | Elf:1    | Found Cuen's Antique Armour Shoppe.
 27290 | Elf:1    | Bought a twisted helmet for 247 gold pieces
 27290 | Elf:1    | Bought a runed helmet for 195 gold pieces
 27290 | Elf:1    | Bought a glowing helmet for 195 gold pieces
 27290 | Elf:1    | Bought a shiny helmet for 195 gold pieces
 27300 | Elf:1    | Identified the +1 helmet of Imperfection {rC- Str+9 Dex-3 SInv} (You bought it in a shop on level 1 of the Elven Halls)
 28033 | Elf:2    | Reached XP level 17. HP: 154/154 MP: 24/24
 28038 | Elf:2    | Found a huge runed gate.
 28041 | Elf:2    | Found a huge runed gate.
 28041 | Elf:2    | Found a huge runed gate.
 28043 | Elf:2    | Found a huge runed gate.
 28043 | Elf:2    | Found a huge runed gate.
 28093 | Elf:2    | Found Melia's Magic Scroll Emporium.
 28101 | Elf:2    | Reached skill level 16 in Axes
 28271 | Elf:2    | Reached skill level 7 in Dodging
 28322 | Elf:2    | Received a gift from Okawaru
 28326 | Elf:2    | Reached skill level 11 in Invocations
 28396 | Elf:2    | theanonym: ??aug
 28396 | Elf:2    | beem: augmentation[1/2]: Demonspawn mutation: gives scaling spell power and slaying (both accuracy and damage) bonuses with HP total: bonuses are equal to max(0, ceiling(mutlevel*(2*hp - maxhp)/maxhp))*(0.4*spell power and 4 slaying).The formula changed to 0.3*spell power and 3 slaying in trunk.
 28568 | Elf:2    | Noticed a Hell Sentinel
 28771 | Elf:2    | HP: 109/231 [orc priest/divine providence (15)]
 29051 | Elf:1    | Bought a jewelled plate armour for 728 gold pieces
 29061 | Elf:1    | Identified the +1 plate armour of the Valley {+Fly rF- MR++ Str+4} (You bought it in a shop on level 1 of the Elven Halls)
 29375 | Elf:3    | Entered Level 3 of the Elven Halls
 29526 | Elf:3    | Reached skill level 12 in Shields
 29695 | Elf:3    | Reached skill level 15 in Fighting
 29732 | Elf:3    | Received a gift from Okawaru
 29736 | Elf:3    | Noticed a deep elf blademaster
 29743 | Elf:3    | HP: 66/156 [deep elf blademaster/short sword (16)]
 29748 | Elf:3    | HP: 65/156 [deep elf blademaster/short sword (1)]
 29750 | Elf:3    | Killed a deep elf blademaster
 29766 | Elf:3    | Reached skill level 8 in Dodging
 29781 | Elf:3    | HP: 51/156 [deep elf sorcerer/damnation (42)]
 29781 | Elf:3    | Noticed a deep elf blademaster
 29812 | Elf:3    | Killed a deep elf blademaster
 29819 | Elf:3    | HP: 15/156 [deep elf annihilator/iron shot (72)]
 30228 | Elf:3    | Received a gift from Okawaru
 30391 | Elf:3    | Noticed a deep elf master archer
 30399 | Elf:3    | Killed a deep elf master archer
 30399 | Elf:3    | Reached skill level 17 in Axes
 30414 | Elf:3    | Noticed a deep elf master archer
 30428 | Elf:3    | Killed a deep elf master archer
 30430 | Elf:3    | Gained mutation: A demonic guardian rushes to your aid. [demonic ancestry]
 30430 | Elf:3    | Reached XP level 18. HP: 153/163 MP: 20/26
 30439 | Elf:3    | HP: 78/163 [deep elf annihilator/bolt of lightning (11)]
 30454 | Elf:3    | HP: 77/163 [deep elf death mage/ancient spear {pain} (4)]
 30455 | Elf:3    | Received a gift from Okawaru
 30511 | Elf:3    | HP: 79/163 [deep elf elementalist/fireball (14)]
 30741 | Elf:3    | Received a gift from Okawaru
 31161 | Elf:3    | Identified the Incunabulum of Bewitchment
 31180 | Elf:3    | Got a scorched iron amulet
 31183 | Elf:3    | Got an ichor-stained chain mail
 31194 | Elf:3    | Identified the +2 chain mail "Onew" {-Tele rPois Str+3 SInv} (You found it on level 3 of the Elven Halls)
 31205 | Elf:3    | Identified the amulet of Udili {Reflect Int+3 SH+6 SInv} (You found it on level 3 of the Elven Halls)
 32122 | Shoals:1 | Reached skill level 9 in Dodging
 32245 | Shoals:1 | Noticed Frances
 32258 | Shoals:1 | Killed Frances
 32541 | Shoals:2 | Reached skill level 13 in Shields
 32653 | Shoals:2 | Got a smoking leather armour
 32683 | Shoals:2 | Received a gift from Okawaru
 33696 | Shoals:3 | Identified a scroll of acquirement
 34271 | Shoals:3 | Learned a level 6 spell: Deflect Missiles
 34280 | Shoals:3 | Learned a level 8 spell: Necromutation
 34314 | Shoals:4 | Entered Level 4 of the Shoals
 34393 | Snake:1  | Entered Level 1 of the Snake Pit
 34410 | Snake:1  | Noticed Josephine
 34414 | Snake:1  | Reached skill level 18 in Axes
 34418 | Snake:1  | Killed Josephine
 34478 | Snake:1  | Reached skill level 14 in Shields
 34697 | Snake:2  | Reached skill level 15 in Shields
 34773 | Snake:2  | Reached XP level 19. HP: 129/172 MP: 27/27
 34783 | Snake:2  | Received a gift from Okawaru
 35555 | Snake:3  | Noticed Mara
 35560 | Snake:3  | Noticed theanonym's illusion
 35572 | Snake:3  | Killed Mara
 35572 | Snake:3  | Reached skill level 16 in Shields
 35782 | Snake:4  | Entered Level 4 of the Snake Pit
 35917 | Snake:4  | Found a deep blue altar of Sif Muna.
 36000 | Snake:4  | Reached skill level 17 in Shields
 36120 | Snake:4  | theanonym: !lg win title="Corrupter of Planes"
 36120 | Snake:4  | beem: No games for win (title='Corrupter of Planes').
 36120 | Snake:4  | theanonym: !lg * win title="Corrupter of Planes"
 36120 | Snake:4  | beem: 110. theanonym the Corrupter of Planes (L27 FoAK of Lugonu), escaped with the Orb and 15 runes on 2017-11-05 03:49:35, with 13637052 points after 116707 turns and 11:47:01.
 36120 | Snake:4  | Received a gift from Okawaru
 36138 | Snake:4  | Reached skill level 18 in Shields
 36153 | Snake:4  | HP: 80/172 [nagaraja (18)]
 36160 | Snake:4  | HP: 81/172 [poisoned by a naga ritualist (toxic radiance)]
 36171 | Snake:4  | HP: 81/172 [poisoned by a naga ritualist (toxic radiance)]
 36184 | Snake:4  | HP: 85/172 [poisoned by a nagaraja (splash of poison)]
 36189 | Snake:4  | HP: 85/172 [poisoned by a nagaraja (splash of poison)]
 36194 | Snake:4  | HP: 85/172 [poisoned by a nagaraja (splash of poison)]
 36202 | Snake:4  | HP: 86/172 [poisoned by a nagaraja (splash of poison)]
 36442 | Snake:4  | Noticed Aizul
 36454 | Snake:4  | Killed Aizul
 36486 | Snake:4  | Noticed Vashnia
 36496 | Snake:4  | Killed Vashnia
 36654 | Snake:4  | Found Jianwiso's Jewellery Shoppe.
 36654 | Snake:4  | Found Umahuxan's Gadget Shop.
 36655 | Snake:4  | Found Fogg's Jewellery Shoppe.
 36672 | Snake:4  | Bought an uncursed ring of protection from fire for 450 gold pieces
 36968 | Snake:4  | Got a serpentine rune of Zot
 37301 | Depths:1 | Entered Level 1 of the Depths
 37516 | Depths:1 | Reached skill level 19 in Shields
 37548 | Depths:1 | Gained mutation: Your magical and physical power is enhanced at high health. [demonic ancestry]
 37548 | Depths:1 | Reached XP level 20. HP: 136/180 MP: 26/28
 37757 | Depths:1 | Noticed a juggernaut
 37772 | Depths:1 | Killed a juggernaut
 37775 | Depths:1 | Found a one-way gate leading to the halls of Pandemonium.
 37853 | Depths:1 | Received a gift from Okawaru
 38071 | Depths:1 | Found a gateway to Hell.
 38323 | Depths:1 | Reached skill level 20 in Shields
 38348 | Depths:1 | Reached skill level 16 in Fighting
 38465 | Depths:2 | theanonym: !lg urune=15 god =xom
 38465 | Depths:2 | beem: No games for theanonym (urune=15 god=xom).
 38465 | Depths:2 | theanonym: !lg * urune=15 god =xom
 38465 | Depths:2 | beem: 287. Zooty the Intangible (L27 GnCK of Xom), escaped with the Orb and 15 runes on 2017-11-05 22:31:55, with 13626808 points after 117354 turns and 7:50:15.
 38465 | Depths:2 | theanonym: !lg * urune=15 god =xom 2
 38465 | Depths:2 | beem: 2/287. Chapayev the Executioner (L27 HOFi of Xom), escaped with the Orb and 18 runes on 2009-02-12 04:18:19, with 14408965 points after 109393 turns and 10:25:33.
 38465 | Depths:2 | theanonym: !lg * urune=15 god =xom -1
 38465 | Depths:2 | beem: 287. Zooty the Intangible (L27 GnCK of Xom), escaped with the Orb and 15 runes on 2017-11-05 22:31:55, with 13626808 points after 117354 turns and 7:50:15.
 38465 | Depths:2 | theanonym: !lg * urune=15 god =xom -2
 38465 | Depths:2 | beem: 286/287. Xiguana the Middleweight Champion (L27 DrCK of Xom), escaped with the Orb and 15 runes on 2017-11-05 20:32:08, with 17956971 points after 86127 turns and 7:33:15.
 38465 | Depths:2 | theanonym: !lg * urune=15 god =xom -3
 38465 | Depths:2 | beem: 285/287. 4thArraOfDagon the Gracecrafter (L27 BaAM of Xom), escaped with the Orb and 15 runes on 2017-10-28 21:30:54, with 29368457 points after 50608 turns and 6:37:39.
 38465 | Depths:2 | theanonym: !lg * urune=15 god =xom -3 -log
 38465 | Depths:2 | beem: 285/287. 4thArraOfDagon, XL27 BaAM, T:50608: http://crawl.xtahua.com/crawl/morgue/4thArraOfDagon/morgue-4thArraOfDagon-20171028-213054.txt
 38509 | Depths:2 | Reached skill level 11 in Armour
 38512 | Depths:2 | Received a gift from Okawaru
 38578 | Depths:2 | Found Pataleyt's Food Boutique.
 38585 | Depths:2 | Found Dokhla's Distillery.
 38599 | Depths:2 | Bought 2 potions of might for 136 gold pieces
 38599 | Depths:2 | Bought a potion of agility for 68 gold pieces
 38599 | Depths:2 | Bought a potion of heal wounds for 85 gold pieces
 38599 | Depths:2 | Bought a potion of heal wounds for 85 gold pieces
 38599 | Depths:2 | Bought a potion of haste for 170 gold pieces
 38625 | Depths:2 | Received a gift from Okawaru
 38784 | Depths:2 | Reached skill level 10 in Dodging
 39168 | Depths:2 | Found a hide-covered altar of Uskayaw.
 39168 | Depths:2 | Noticed a caustic shrike
 39168 | Depths:2 | Noticed a caustic shrike
 39179 | Depths:2 | Killed a caustic shrike
 39181 | Depths:2 | Killed a caustic shrike
 39236 | Depths:2 | Noticed a bone dragon
 39247 | Depths:2 | Killed a bone dragon
 39251 | Depths:2 | Noticed a caustic shrike
 39252 | Depths:2 | Noticed a bone dragon
 39261 | Depths:2 | Killed a caustic shrike
 39261 | Depths:2 | Received a gift from Okawaru
 39272 | Depths:2 | Killed a bone dragon
 39351 | Depths:2 | HP: 90/182 [shadow dragon (3)]
 39362 | Depths:2 | HP: 85/182 [tengu reaver/long sword (8)]
 39780 | Depths:3 | Gained mutation: Your magical and physical power is greatly enhanced at high health. [demonic ancestry]
 39780 | Depths:3 | Reached XP level 21. HP: 185/189 MP: 29/29
 39877 | Depths:3 | Reached skill level 12 in Armour
 40003 | Depths:3 | Received a gift from Okawaru
 40008 | Depths:3 | Got a pitted chain mail {god gift}
 40019 | Depths:3 | Identified the +1 chain mail of the Sneaky Ships {god gift, rCorr Str+3} (Okawaru gifted it to you on level 3 of the Depths)
 40150 | Depths:3 | Reached skill level 17 in Fighting
 40265 | Depths:3 | Noticed a caustic shrike
 40265 | Depths:3 | Noticed a caustic shrike
 40266 | Depths:3 | Noticed a caustic shrike
 40268 | Depths:3 | Noticed a caustic shrike
 40268 | Depths:3 | Noticed a caustic shrike
 40275 | Depths:3 | Killed a caustic shrike
 40276 | Depths:3 | HP: 95/191 [caustic shrike (26)]
 40277 | Depths:3 | HP: 40/191 [titan/the air (22)]
 41289 | Shoals:4 | Noticed Ilsuiw
 41293 | Shoals:4 | Reached skill level 13 in Armour
 41302 | Shoals:4 | Killed Ilsuiw
 41356 | Shoals:4 | Got a barnacled rune of Zot
 41472 | Shoals:4 | Reached skill level 21 in Shields
 41796 | Shoals:4 | Got a pair of brightly glowing gloves
 42238 | D:10     | Bought a book of Battle for 560 gold pieces
 42242 | D:10     | Learned a level 3 spell: Regeneration
 42253 | D:10     | Identified the +3 pair of gloves of Classification {rF++ Str+2} (You found it on level 4 of the Shoals)
 42356 | Vaults:1 | Entered Level 1 of the Vaults
 42576 | Vaults:1 | Received a gift from Okawaru
 42584 | Vaults:1 | Reached skill level 1 in Necromancy
 42601 | Vaults:1 | Reached skill level 1 in Spellcasting
 42664 | Vaults:1 | Reached skill level 2 in Necromancy
 42725 | Vaults:1 | Reached skill level 2 in Spellcasting
 42837 | Vaults:1 | Reached XP level 22. HP: 201/201 MP: 30/30
 42843 | Vaults:1 | theanonym: ??okawaru wrath
 42843 | Vaults:1 | beem: okawaru wrath[1/3]: ABANDONMENT: 25 penance. RETRIBUTION: 1+XL/5 punishers, chosen from a list of various powerful humanoids and giants that scale with your XL. See {Okawaru Wrath[2]} for a full list.
 42843 | Vaults:1 | theanonym: ??okawaru wrath[2
 42843 | Vaults:1 | beem: okawaru wrath[2/3]: Orc, Gnoll, Ogre, Gnoll Sergeant, Two-Headed Ogre, Orc Warrior, Orc Knight, Hill Giant, Cyclops, Centaur Warrior, Naga Warrior, Tengu Warrior, Merfolk Impaler, Javelineer, Minotaur, Stone Giant, Deep Elf Knight, Orc Warlord, Fire Giant, Frost Giant, Deep Elf Blademaster, Deep Elf Master Archer, Draconian and Titan.
 42843 | Vaults:1 | theanonym: ??okawaru wrath[3
 42843 | Vaults:1 | beem: okawaru wrath[3/3]: Anagram for: Whoa! Kraut War!
 42843 | Vaults:1 | theanonym: !lg * urune=15 race=ds class=fi,gl,be s=god
 42843 | Vaults:1 | beem: No games for * (urune=15 race=ds class=fi,gl,be).
 42843 | Vaults:1 | theanonym: !lg * urune=15 race=ds s=god
 42843 | Vaults:1 | beem: 1332 games for * (urune=15 race=ds): 228x Makhleb, 165x Vehumet, 154x Ashenzari, 100x Cheibriados, 99x Qazlal, 91x Kikubaaqudgha, 72x Okawaru, 57x Gozag, 53x Sif Muna, 50x Xom, 45x Lugonu, 36x Uskayaw, 35x Jiyva, 33x Trog, 27x Nemelex Xobeh, 20x Ru, 17x Dithmenos, 15x Hepliaklqana, 9x Yredelemnul, 8x Wu Jian, 7x, 6x Pakellas, 3x Fedhas, 2x Wudzu
 42920 | Vaults:1 | Reached skill level 3 in Necromancy
 43567 | Vaults:1 | Found a white marble altar of Elyvilon.
 43666 | Vaults:2 | Reached skill level 18 in Fighting
 43703 | Vaults:2 | Reached skill level 3 in Spellcasting
 43756 | Vaults:2 | Found Kahoodos's Assorted Antiques.
 43770 | Vaults:2 | Bought a scroll labeled GEEWEU EGAHUAV for 23 gold pieces
 43770 | Vaults:2 | Bought a potion of heal wounds for 115 gold pieces
 43770 | Vaults:2 | Bought a small tourmaline ring for 115 gold pieces
 43930 | Vaults:2 | Noticed Bai Suzhen
 43939 | Vaults:2 | Killed Bai Suzhen
 43939 | Vaults:2 | Received a gift from Okawaru
 43939 | Vaults:2 | Reached skill level 4 in Necromancy
 43998 | Vaults:2 | Noticed Nikola
 44010 | Vaults:2 | Killed Nikola
 44313 | Vaults:2 | Reached skill level 4 in Spellcasting
 44408 | Vaults:2 | theanonym: !lg * urune=15 race=ds s=god class=fi|gl
 44408 | Vaults:2 | beem: 420 games for * (urune=15 race=ds class=fi|gl): 105x Makhleb, 70x Qazlal, 50x Ashenzari, 39x Cheibriados, 33x Okawaru, 30x Gozag, 17x Uskayaw, 13x Kikubaaqudgha, 12x Ru, 10x Jiyva, 7x Nemelex Xobeh, 7x Hepliaklqana, 6x Dithmenos, 5x Lugonu, 4x Wu Jian, 3x Trog, 2x Xom, 2x Fedhas, Yredelemnul, Vehumet, Sif Muna, Pakellas,
 44408 | Vaults:2 | theanonym: !lg * urune=15 race=ds s=god class=fi|gl|be|sk
 44408 | Vaults:2 | beem: 539 games for * (urune=15 race=ds class=fi|gl|be|sk): 134x Makhleb, 75x Qazlal, 63x Ashenzari, 45x Cheibriados, 39x Okawaru, 32x Gozag, 31x Trog, 26x Kikubaaqudgha, 20x Uskayaw, 13x Jiyva, 12x Ru, 10x Nemelex Xobeh, 8x Hepliaklqana, 7x Dithmenos, 6x Lugonu, 5x Vehumet, 4x Wu Jian, 2x Fedhas, 2x Xom, 2x Pakellas, Yredelemnul, Sif Muna,
 44408 | Vaults:2 | theanonym: !lg * urune=15 race=ds s=god class=fi|gl|be|sk win
 44408 | Vaults:2 | beem: 489 games for * (urune=15 race=ds class=fi|gl|be|sk win): 124x Makhleb, 69x Qazlal, 60x Ashenzari, 37x Cheibriados, 34x Okawaru, 31x Trog, 29x Gozag, 25x Kikubaaqudgha, 17x Uskayaw, 11x Jiyva, 10x Ru, 9x Nemelex Xobeh, 7x Hepliaklqana, 7x Dithmenos, 6x Lugonu, 2x Xom, 2x Vehumet, 2x Pakellas, 2x Wu Jian, 2x Fedhas, Yredelemnul, Sif Muna,
 44425 | Vaults:2 | Reached skill level 5 in Necromancy
 44439 | Vaults:2 | Noticed Jory
 44462 | Vaults:2 | HP: 97/202 [Jory/vampiric draining (37)]
 44468 | Vaults:2 | HP: 64/202 [Jory/vampiric draining (34)]
 44475 | Vaults:2 | HP: 65/202 [Jory/vampiric draining (17)]
 44476 | Vaults:2 | Killed Jory
 44512 | Vaults:2 | Reached skill level 14 in Armour
 44926 | Vaults:2 | Found a staircase to the Crypt.
 44928 | Vaults:2 | Got a translucent scale mail
 44967 | Vaults:2 | Identified the +0 scale mail "Luwihuf" {rElec rCorr Str+8 Dex-5} (You found it on level 2 of the Vaults)
 45195 | Vaults:2 | Reached skill level 5 in Spellcasting
 45195 | Vaults:2 | Reached skill level 6 in Necromancy
 45762 | Temple   | Entered the Ecumenical Temple
 46269 | Vaults:3 | Reached skill level 1 in Charms
 46306 | Vaults:3 | Received a gift from Okawaru
 46492 | Vaults:3 | Reached skill level 2 in Charms
 46701 | Vaults:3 | Reached XP level 23. HP: 211/211 MP: 31/31
 46780 | Vaults:3 | Reached skill level 7 in Necromancy
 46953 | Vaults:3 | Received a gift from Okawaru
 47068 | Vaults:3 | Reached skill level 6 in Spellcasting
 47068 | Vaults:3 | HP: 90/211 [flayed ghost/flay_damage (33)]
 47088 | Vaults:3 | Reached skill level 3 in Charms
 47694 | Vaults:4 | Noticed Sojobo
 47714 | Vaults:4 | Killed Sojobo
 47721 | Vaults:4 | Received a gift from Okawaru
 47759 | Vaults:4 | Found Uryabror's Distillery.
 47768 | Vaults:4 | Bought a potion of resistance for 140 gold pieces
 47863 | Vaults:4 | Reached skill level 4 in Charms
 47907 | Vaults:4 | Reached skill level 8 in Necromancy
 48490 | Vaults:4 | Reached skill level 7 in Spellcasting
 49421 | Depths:3 | Killed a caustic shrike
 49421 | Depths:3 | Received a gift from Okawaru
 49506 | Depths:3 | Killed a caustic shrike
 49506 | Depths:3 | Reached skill level 5 in Charms
 49599 | Depths:3 | Reached skill level 19 in Fighting
 49627 | Depths:3 | Killed a caustic shrike
 49627 | Depths:3 | Reached skill level 9 in Necromancy
 49667 | Depths:3 | Killed a caustic shrike
 49683 | Depths:3 | Reached XP level 24. HP: 200/221 MP: 34/34
 49690 | Depths:3 | Got a steaming copper ring
 49722 | Depths:4 | Found a one-way gate to the infinite horrors of the Abyss.
 49730 | Depths:4 | Found Bolucepy's Antique Armour Shop.
 49796 | Depths:4 | Got a pair of smoking gloves
 49807 | Depths:4 | Identified the +2 pair of gloves "Valeur" {Dex+4} (You acquired it on level 4 of the Depths)
 49864 | Depths:4 | Reached skill level 11 in Dodging
 49866 | Depths:4 | Reached skill level 15 in Armour
 49930 | Depths:4 | Reached skill level 22 in Shields
 49936 | Depths:4 | Reached skill level 8 in Spellcasting
 49959 | Depths:4 | Identified the ring "Ughosiv" {rPois rF+} (You took it off a rakshasa on level 3 of the Depths)
 49963 | Depths:4 | Got a heavily runed leather armour
 49994 | Depths:4 | Identified the +2 leather armour of Inaction {rN+ Str+3} (You found it on level 4 of the Depths)
 50247 | Depths:4 | Found a gateway to a ziggurat.
 50281 | Depths:4 | Received a gift from Okawaru
 50282 | Depths:4 | Found the +5 robe of Night {god gift, Dark MR+ SInv}
 50391 | Depths:4 | Found the +6 shillelagh "Devastator" {shatter}
 50484 | Depths:4 | Reached skill level 10 in Necromancy
 50931 | Depths:5 | Entered Level 5 of the Depths
 51316 | Depths:5 | Reached skill level 9 in Spellcasting
 51333 | Depths:5 | Found a gate to the Realm of Zot.
 52289 | Vaults:5 | Entered Level 5 of the Vaults
 52298 | Vaults:5 | Reached skill level 12 in Dodging
 52300 | Vaults:5 | Received a gift from Okawaru
 52315 | Vaults:5 | HP: 106/223 [tengu reaver/bolt of lightning (14)]
 52321 | Vaults:4 | HP: 104/223 [tengu reaver/exploding inner flame[the player character] (4)]
 52612 | Vaults:5 | Noticed Saint Roka
 52618 | Vaults:5 | Reached skill level 10 in Spellcasting
 52632 | Vaults:5 | Gained mutation: A powerful demonic guardian rushes to your aid. [demonic ancestry]
 52632 | Vaults:5 | Reached XP level 25. HP: 172/231 MP: 35/37
 52636 | Vaults:5 | HP: 89/231 [frost giant/bolt of cold (41)]
 52978 | Vaults:4 | Reached skill level 20 in Fighting
 53098 | Vaults:5 | HP: 111/231 [flayed ghost/flay_damage[a death knight] (39)]
 53102 | Vaults:5 | Reached skill level 13 in Dodging
 53102 | Vaults:5 | HP: 52/232 [tentacled monstrosity/exploding inner flame[the player character] (4)]
 53107 | Vaults:4 | HP: 61/232 [cloud of flame (1)]
 53444 | Vaults:5 | HP: 116/233 [deep elf high priest/divine providence (12)]
 53518 | Vaults:5 | Received a gift from Okawaru
 53529 | Vaults:5 | HP: 111/233 [flayed ghost/flay_damage (39)]
 53555 | Vaults:5 | HP: 116/233 [Saint Roka/divine providence (8)]
 53565 | Vaults:5 | HP: 110/233 [mirror damage (1)]
 53570 | Vaults:5 | HP: 82/233 [mirror damage (3)]
 53584 | Vaults:5 | Killed Saint Roka
 53594 | Vaults:5 | Reached skill level 23 in Shields
 53717 | Vaults:5 | Wingboner: О, штырь-палка.
 53717 | Vaults:5 | theanonym: Да тумаю на мейсы переключиться
 53717 | Vaults:5 | Wingboner: Вообще, у тебя сейчас уже тот этап, когда эта палка будет слабее твоего топора.
 53717 | Vaults:5 | Wingboner: Слишком поздно.
 53717 | Vaults:5 | theanonym: Летающих много
 53720 | Vaults:5 | Got a faintly glowing robe
 53791 | Vaults:5 | Wingboner: Не только, там урон не слишком хорошо скейлится.
 53837 | Vaults:5 | Noticed Margery
 53846 | Vaults:5 | Killed Margery
 53846 | Vaults:5 | Received a gift from Okawaru
 54026 | Vaults:5 | Reached skill level 14 in Dodging
 54077 | Vaults:5 | theanonym: Смотри мутации
 54077 | Vaults:5 | Wingboner: Неплохо, но ничего особенно выдающегося.
 54293 | Vaults:5 | Got a clouded bone ring
 54395 | Vaults:5 | Found the +2 cloak of the Thief {+Fog Slay-2 SInv Stlth+}
 54578 | Vaults:5 | theanonym: Дет чанел же не работает с демонами?
 54578 | Vaults:5 | theanonym: Я кажется все спеелы из некромантии нашёл
 54578 | Vaults:5 | Wingboner: В каком смысле?
 54578 | Vaults:5 | theanonym: Даже до того как 3 руны взял
 54578 | Vaults:5 | theanonym: Ну death Channel
 54578 | Vaults:5 | theanonym: Спектральные демоны не получаются
 54578 | Vaults:5 | Wingboner: Он срабатывает только с трупами.
 54578 | Vaults:5 | Wingboner: В смысле теми мобами, которые оставляют трупы.
 54578 | Vaults:5 | Identified the Catalogue of Floating Stones
 54579 | Vaults:5 | theanonym: Хороший плащ
 54579 | Vaults:5 | Wingboner: Да.
 54579 | Vaults:5 | Identified the ring "Alat Zyl" {Fire Dex+4} (You took it off a deep elf archer on level 5 of the Vaults)
 54580 | Vaults:5 | Wingboner: Некоторые считают, что лучший.
 54580 | Vaults:5 | Wingboner: Из всех возможных.
 54584 | Vaults:5 | theanonym: Слей-2 это же плохо?
 54587 | Vaults:5 | Wingboner: Зато туман это очень хорошо.
 54603 | Vaults:5 | theanonym: Да, как свиток
 55496 | Crypt:1  | Entered Level 1 of the Crypt
 55976 | Temple   | Fell from the grace of Okawaru
 55976 | Temple   | Became a worshipper of Makhleb the Destroyer
 56354 | Crypt:1  | HP: 92/234 [flayed ghost/flay_damage[a curse skull] (35)]
 56358 | Crypt:1  | HP: 40/234 [jiangshi[a curse skull] (7)]
 56545 | Crypt:1  | Got a brightly glowing ring mail
 56582 | Crypt:1  | Reached XP level 26. HP: 223/242 MP: 37/37
 56597 | Crypt:1  | Reached * piety under Makhleb
 57242 | Crypt:2  | HP: 99/242 [flayed ghost/flay_damage (38)]
 57245 | Crypt:2  | HP: 43/242 [flayed ghost/flay_damage (26)]
 57254 | Crypt:1  | HP: 53/242 [flayed ghost/flay_damage (26)]
 57259 | Crypt:1  | HP: 52/242 [revenant/ghostly fireball (7)]
 57264 | Crypt:1  | HP: 62/242 [something (7)]
 57416 | Crypt:1  | HP: 107/242 [frost giant/bolt of cold[the fury of Okawaru] (37)]
 57645 | Crypt:2  | Paralysed by a lich for 7 turns
 57651 | Crypt:2  | HP: 110/242 [flayed ghost (18)]
 57656 | Crypt:1  | Reached skill level 24 in Shields
 57657 | Crypt:1  | HP: 99/242 [soul eater/drain life (4)]
 57865 | Crypt:2  | HP: 120/242 [spectral storm dragon[a revenant] (5)]
 58073 | Crypt:2  | HP: 117/242 [revenant/ghostly fireball (23)]
 58076 | Crypt:2  | Reached ** piety under Makhleb
 58955 | Crypt:3  | Entered Level 3 of the Crypt
 58971 | Crypt:3  | Noticed Mennas
 59065 | Crypt:3  | Found the +7 sceptre of Torment
 59972 | Vaults:5 | Got a silver rune of Zot
 60420 | Zot:1    | Entered Level 1 of the Realm of Zot
 60485 | Zot:1    | Reached *** piety under Makhleb
 60785 | Zot:1    | Reached skill level 25 in Shields
 60793 | Zot:1    | Reached skill level 21 in Fighting
 60793 | Zot:1    | Reached skill level 1 in Evocations
 60850 | Zot:1    | Reached skill level 2 in Evocations
 60959 | Zot:1    | Reached skill level 3 in Evocations
 61001 | Zot:1    | Reached **** piety under Makhleb
 61221 | Zot:1    | Reached skill level 4 in Evocations
 61719 | Zot:2    | Got a twisted buckler
 61729 | Zot:2    | Reached skill level 5 in Evocations
 61896 | Zot:2    | Gained mutation: You are completely covered in sharp spines. [demonic ancestry]
 61896 | Zot:2    | Reached XP level 27. HP: 254/254 MP: 34/37
 61906 | Zot:2    | Reached skill level 22 in Fighting
 61911 | Zot:2    | Reached skill level 6 in Evocations
 61913 | Zot:2    | Reached skill level 15 in Dodging
 62556 | Zot:2    | Reached skill level 23 in Fighting
 62977 | Pan      | Entered Pandemonium
 63020 | Pan      | Reached skill level 1 in Transmutations
 63023 | Pan      | Noticed Cyss the pandemonium lord
 63026 | Pan      | Reached ***** piety under Makhleb
 63030 | Pan      | Killed Cyss the pandemonium lord
 63030 | Pan      | Reached skill level 2 in Transmutations
 63233 | Pan      | Reached skill level 12 in Invocations
 63445 | Pan      | Reached skill level 13 in Invocations
 63882 | Pan      | HP: 94/259 [Ice Fiend/bolt of cold (50)]
 63909 | Pan      | Reached skill level 14 in Invocations
 64054 | Pan      | HP: 86/259 [??? (68)]
 64063 | Pan      | HP: 85/259 [Brimstone Fiend/damnation (44)]
 64071 | Pan      | Noticed Ogheig the pandemonium lord
 64072 | Pan      | HP: 72/259 [Brimstone Fiend/damnation (32)]
 64078 | Pan      | HP: 38/259 [Brimstone Fiend/damnation (28)]
 64081 | Pan      | HP: 2/259 [Ogheig the pandemonium lord/bolt of cold (47)]
 64091 | Pan      | HP: 32/259 [??? (24)]
 64095 | Pan      | Killed Ogheig the pandemonium lord
 64110 | Pan      | HP: 80/260 [Brimstone Fiend/damnation (27)]
 64114 | Pan      | Reached skill level 15 in Invocations
 64120 | Pan      | HP: 79/260 [fire giant/great sword of flaming[the fury of Okawaru] (5)]
 64399 | Pan      | Gained mutation: You are dopey. (Int -2) [a neqoxec]
 64876 | Pan      | HP: 128/260 [Ice Fiend/bolt of cold (13)]
 64881 | Pan      | HP: 56/260 [Ice Fiend/bolt of cold (23)]
 64888 | Pan      | HP: 28/260 [Ice Fiend/bolt of cold (24)]
 64932 | Pan      | Noticed Godob the pandemonium lord
 64936 | Pan      | HP: 74/260 [??? (58)]
 64941 | Pan      | Killed Godob the pandemonium lord
 64944 | Pan      | HP: 90/260 [Ice Fiend/bolt of cold (13)]
 65149 | Pan      | HP: 129/260 [flayed ghost/flay_damage[a gelid corrupter] (46)]
 65152 | Pan      | Cast into level 2 of the Abyss (a deep elf sorcerer)
 65250 | Abyss:2  | Reached skill level 16 in Invocations
 65357 | Abyss:2  | Was forgiven by Okawaru
 65512 | Abyss:3  | Found a corrupted altar of Lugonu.
 65834 | Abyss:3  | Reached skill level 17 in Invocations
 65836 | Abyss:3  | Gained mutation: Your magical capacity is low. (-10% MP) [a neqoxec]
 65846 | Abyss:3  | HP: 88/260 [lurking horror (70)]
 66047 | Abyss:3  | HP: 106/260 [wretched star/orb of energy (40)]
 66053 | Abyss:3  | HP: 89/260 [starcursed mass/accursed screaming (4)]
 66061 | Abyss:3  | HP: 89/260 [wind drake/the air[a worldbinder] (10)]
 66064 | Abyss:3  | Reached skill level 7 in Evocations
 66067 | Abyss:3  | HP: 99/260 [starcursed mass/accursed screaming (5)]
 66072 | Abyss:3  | Got an abyssal rune of Zot
 66131 | Abyss:3  | HP: 104/260 [lurking horror (82)]
 66145 | Abyss:3  | HP: 114/260 [smoke demon/divine providence (9)]
 66276 | Abyss:3  | Reached ****** piety under Makhleb
 66283 | Abyss:3  | Reached skill level 8 in Evocations
 66518 | Pan      | Escaped the Abyss
 66537 | Pan      | Reached skill level 9 in Evocations
 66577 | Pan      | HP: 81/260 [??? (63)]
 66595 | Pan      | HP: 71/260 [??? (55)]
 66729 | Pan      | Entered the realm of Mnoleg.
 66731 | Pan      | Gained mutation: You expend magic power (3 MP) to strengthen your wands. [a cacodemon]
 66744 | Pan      | Gained mutation: You occasionally shout uncontrollably at your foes. [a cacodemon]
 66808 | Pan      | Gained mutation: You are occasionally teleported next to monsters. [a neqoxec]
 66808 | Pan      | Gained mutation: You do not regenerate when monsters are visible. [a cacodemon]
 66810 | Pan      | Reached skill level 10 in Evocations
 66811 | Pan      | Gained mutation: Scrolls take you a little longer to read. [a neqoxec]
 66817 | Pan      | Paralysed by a floating eye for 3 turns
 66822 | Pan      | Gained mutation: Potions are less effective at restoring your health. [a shining eye]
 66824 | Pan      | Gained mutation: Your magical capacity is very low. (-20% MP) [a neqoxec]
 66868 | Pan      | Gained mutation: Your body sometimes deteriorates upon taking damage. [a neqoxec]
 66871 | Pan      | Gained mutation: You sometimes yell uncontrollably at your foes. [a neqoxec]
 66894 | Pan      | Noticed Mnoleg
 66896 | Pan      | Gained mutation: You tend to lose your temper in combat. [a shining eye]
 66905 | Pan      | Paralysed by a floating eye for 2 turns
 66912 | Pan      | Gained mutation: Scrolls take you longer to read. [a cacodemon]
 66915 | Pan      | Gained mutation: Your magical capacity is extremely low. (-30% MP) [a cacodemon]
 66919 | Pan      | Killed Mnoleg
 66919 | Pan      | Reached skill level 11 in Evocations
 66929 | Pan      | Reached skill level 3 in Transmutations
 66975 | Pan      | Gained mutation: You are very dopey. (Int -4) [a neqoxec]
 66986 | Pan      | Reached skill level 11 in Necromancy
 67050 | Pan      | Got a glowing rune of Zot
 67138 | Pan      | Gained mutation: Scrolls take you much longer to read. [a neqoxec]
 67172 | Pan      | Reached skill level 4 in Transmutations
 67176 | Pan      | Lost mutation: You are resistant to hostile enchantments. (MR+) [a neqoxec]
 67181 | Pan      | Lost mutation: You are robust. (+10% HP) [potion of mutation]
 67181 | Pan      | Lost mutation: Your magical capacity is extremely low. (-30% MP) [potion of mutation]
 67181 | Pan      | Lost mutation: You tend to lose your temper in combat. [potion of mutation]
 67181 | Pan      | Lost mutation: You sometimes yell uncontrollably at your foes. [potion of mutation]
 67181 | Pan      | Gained mutation: You passively map a small area around you. [potion of mutation]
 67182 | Pan      | Lost mutation: You passively map a small area around you. [potion of mutation]
 67182 | Pan      | Lost mutation: You expend magic power (3 MP) to strengthen your wands. [potion of mutation]
 67182 | Pan      | Lost mutation: Your body sometimes deteriorates upon taking damage. [potion of mutation]
 67182 | Pan      | Gained mutation: Your spells are a little easier to cast, but a little less powerful. [potion of mutation]
 67182 | Pan      | Gained mutation: You are robust. (+10% HP) [potion of mutation]
 67183 | Pan      | Lost mutation: You occasionally shout uncontrollably at your foes. [potion of mutation]
 67183 | Pan      | Lost mutation: You do not regenerate when monsters are visible. [potion of mutation]
 67183 | Pan      | Lost mutation: You are robust. (+10% HP) [potion of mutation]
 67183 | Pan      | Lost mutation: Scrolls take you much longer to read. [potion of mutation]
 67183 | Pan      | Lost mutation: Your spells are a little easier to cast, but a little less powerful. [potion of mutation]
 67183 | Pan      | Gained mutation: You are somewhat resistant to further mutation. [potion of mutation]
 67377 | Pan      | Noticed Zohoil the pandemonium lord
 67403 | Pan      | Killed Zohoil the pandemonium lord
 67414 | Pan      | HP: 115/237 [Tzitzimitl/bolt of negative energy (14)]
 67420 | Pan      | HP: 118/237 [Tzitzimitl/bolt of negative energy (6)]
 67425 | Pan      | HP: 78/237 [Tzitzimitl/bolt of cold (35)]
 67431 | Pan      | HP: 65/237 [Tzitzimitl (4)]
 67432 | Pan      | Reached skill level 5 in Transmutations
 67600 | Pan      | Reached skill level 12 in Necromancy
 67778 | Pan      | HP: 80/237 [??? (62)]
 67791 | Pan      | Reached skill level 6 in Transmutations
 67940 | Pan      | HP: 71/236 [??? (55)]
 67946 | Pan      | HP: 41/236 [Tzitzimitl/bolt of cold (32)]
 68056 | Pan      | Found a runed door.
 68072 | Pan      | HP: 72/236 [???[a shadow demon] (57)]
 68084 | Pan      | HP: 81/237 [Tzitzimitl/bolt of cold (6)]
 68090 | Pan      | HP: 44/237 [??? (34)]
 68095 | Pan      | HP: 22/237 [starcursed mass/accursed screaming[a monstrous corrupter] (10)]
 68096 | Pan      | HP: 4/236 [starcursed mass/accursed screaming[a monstrous corrupter] (12)]
 68140 | Pan      | Reached skill level 7 in Transmutations
 68547 | Pan      | Found a runed door.
 68563 | Pan      | Found a runed door.
 68579 | Pan      | Reached skill level 13 in Necromancy
 68580 | Pan      | Found a runed door.
 68820 | Pan      | Noticed Itreruh the pandemonium lord
 68912 | Pan      | Reached skill level 8 in Transmutations
 68968 | Pan      | Killed Itreruh the pandemonium lord
 68999 | Pan      | Got a translucent ruby amulet
 69002 | Pan      | Identified the amulet "Raum" {-Tele +Rage rC+ Dex+4 SInv} (You found it in Pandemonium)
 69169 | Pan      | HP: 118/237 [monstrous black sun[a shadow demon] (11)]
 69176 | Pan      | HP: 100/237 [alligator snapping turtle[an infernal corrupter] (5)]
 69184 | Pan      | HP: 38/237 [??? (29)]
 69207 | Pan      | HP: 87/237 [gelid warmonger/demon blade of pain (1)]
 69354 | Pan      | Noticed Weywoply the pandemonium lord
 69371 | Pan      | Killed Weywoply the pandemonium lord
 69371 | Pan      | Reached skill level 14 in Necromancy
 69371 | Pan      | Reached skill level 9 in Transmutations
 69411 | Pan      | HP: 75/237 [??? (58)]
 69419 | Pan      | HP: 70/237 [monstrous demonspawn (10)]
 69578 | Pan      | Gained mutation: You expend magic power (3 MP) to strengthen your wands. [a cacodemon]
 70047 | Pan      | Found an exit through the horrors of the Abyss.
 70284 | Pan      | Reached skill level 10 in Transmutations
 70494 | Pan      | HP: 74/237 [??? (58)]
 70728 | Pan      | Took an exit into the Abyss.
 70728 | Abyss:1  | Escaped into the Abyss
 70741 | Abyss:1  | Reached skill level 15 in Necromancy
 70899 | Abyss:2  | Noticed an ancient lich
 70915 | Abyss:2  | Killed an ancient lich
 70917 | Depths:3 | Escaped the Abyss
 70977 | Depths:2 | Bought 2 potions of heal wounds for 170 gold pieces
 70977 | Depths:2 | Bought a potion of mutation for 136 gold pieces
 70977 | Depths:2 | Bought a potion of cancellation for 136 gold pieces
 70977 | Depths:2 | Lost mutation: Your magical capacity is very low. (-20% MP) [potion of mutation]
 70977 | Depths:2 | Lost mutation: Potions are less effective at restoring your health. [potion of mutation]
 71250 | Vaults:5 | Lost mutation: Scrolls take you longer to read. [potion of mutation]
 71250 | Vaults:5 | Lost mutation: You are very dopey. (Int -4) [potion of mutation]
 71250 | Vaults:5 | Gained mutation: You tend to lose your temper in combat. [potion of mutation]
 71250 | Vaults:5 | Gained mutation: You occasionally shout uncontrollably at your foes. [potion of mutation]
 71250 | Vaults:5 | Gained mutation: You are agile. (Dex +2) [potion of mutation]
 71574 | Orc:2    | Bought 2 potions of mutation for 208 gold pieces
 71574 | Orc:2    | Lost mutation: You tend to lose your temper in combat. [potion of mutation]
 71574 | Orc:2    | Lost mutation: You occasionally shout uncontrollably at your foes. [potion of mutation]
 71574 | Orc:2    | Lost mutation: Your magical capacity is low. (-10% MP) [potion of mutation]
 71574 | Orc:2    | Gained mutation: Your natural rate of healing is unusually fast. [potion of mutation]
 71575 | Orc:2    | Lost mutation: Scrolls take you a little longer to read. [potion of mutation]
 71575 | Orc:2    | Lost mutation: You are dopey. (Int -2) [potion of mutation]
 71575 | Orc:2    | Lost mutation: You are agile. (Dex +2) [potion of mutation]
 71575 | Orc:2    | Gained mutation: Your muscles are strong. (Str +2) [potion of mutation]
 72421 | Orc:2    | Bought a potion of curing for 51 gold pieces
 72421 | Orc:2    | Bought a potion of ambrosia for 136 gold pieces
 72421 | Orc:2    | Bought a potion of mutation for 136 gold pieces
 72421 | Orc:2    | Bought a potion of curing for 51 gold pieces
 72421 | Orc:2    | Bought a potion of curing for 51 gold pieces
 72421 | Orc:2    | Bought a potion of curing for 51 gold pieces
 72685 | Pan      | Entered Pandemonium
 73195 | Pan      | Found a huge runed gate.
 73195 | Pan      | Found a huge runed gate.
 73196 | Pan      | Found a huge runed gate.
 73196 | Pan      | Found a huge runed gate.
 73212 | Pan      | Found a huge runed gate.
 73212 | Pan      | Found a huge runed gate.
 73213 | Pan      | Found a huge runed gate.
 73213 | Pan      | Found a huge runed gate.
 73213 | Pan      | Found a huge runed gate.
 73213 | Pan      | Found a huge runed gate.
 73214 | Pan      | Found a huge runed gate.
 73214 | Pan      | Found a huge runed gate.
 73214 | Pan      | Found a huge runed gate.
 73214 | Pan      | Found a huge runed gate.
 73214 | Pan      | Found a huge runed gate.
 73214 | Pan      | Found a huge runed gate.
 73214 | Pan      | Found a huge runed gate.
 73215 | Pan      | Found a huge runed gate.
 73216 | Pan      | Found a huge runed gate.
 73217 | Pan      | Found a huge runed gate.
 73217 | Pan      | Found a huge runed gate.
 73223 | Pan      | Noticed Avoa the pandemonium lord
 73223 | Pan      | HP: 116/237 [gelid blood saint/iceblast (18)]
 73235 | Pan      | Reached skill level 11 in Transmutations
 73238 | Pan      | HP: 94/237 [Avoa the pandemonium lord (37)]
 73244 | Pan      | HP: 67/237 [Avoa the pandemonium lord (8)]
 73245 | Pan      | Reached skill level 16 in Necromancy
 73256 | Pan      | Killed Avoa the pandemonium lord
 73265 | Pan      | HP: 110/237 [??? (87)]
 73272 | Pan      | HP: 113/237 [Executioner/nerve-wracking pain (6)]
 73332 | Pan      | Got an ancient scale mail
 73343 | Pan      | Identified the +6 scale mail of Wisdom {Dex+2} (You took it off a blood saint in Pandemonium)
 73425 | Pan      | Entered the realm of Gloorx Vloq.
 73524 | Pan      | Reached skill level 12 in Transmutations
 73535 | Pan      | Noticed Gloorx Vloq
 73550 | Pan      | HP: 74/237 [??? (58)]
 73555 | Pan      | HP: 62/237 [Executioner[Gloorx Vloq] (6)]
 73561 | Pan      | HP: 69/237 [Executioner[Gloorx Vloq] (1)]
 73563 | Pan      | HP: 33/237 [??? (24)]
 73564 | Pan      | HP: 8/237 [Executioner[Gloorx Vloq] (9)]
 73569 | Pan      | HP: 40/237 [Gloorx Vloq] (9)]
 73574 | Pan      | HP: 52/355 [Gloorx Vloq] (1)]
 73575 | Pan      | HP: 25/355 [poisoned by Gloorx Vloq (poison arrow)]
 73577 | Pan      | HP: 11/355 [Gloorx Vloq/foul vapour (14)]
 73579 | Pan      | HP: 4/351 [Gloorx Vloq] (2)]
 73579 | Pan      | HP: 1/351 [poisoned by Gloorx Vloq (dark miasma)]
 73580 | Pan      | Engulfed by Gloorx Vloq's foul pestilence

Vanquished Creatures
  Mnoleg (Pan)
  Mara (Snake:3)
  An ancient lich (Abyss:2)
  6 pandemonium lords (Pan)
  Sojobo (Vaults:4)
  Vashnia (Snake:4)
  Bai Suzhen (Vaults:2)
  Margery (Vaults:5)
  Saint Roka (Vaults:5)
  8 caustic shrikes
  Jory (Vaults:2)
  2 profane servitors
  5 golden dragons
  2 bone dragons (Depths:2)
  5 Tzitzimimeh (Pan)
  9 Brimstone Fiends (Pan)
  A hellephant (Abyss:3)
  5 liches
  2 Hell Sentinels (Pan)
  16 tentacled monstrosities
  11 Ice Fiends (Pan)
  8 deep elf blademasters
  13 titans
  Frances (Shoals:1)
  2 deep elf master archers (Elf:3)
  7 quicksilver dragons
  8 Executioners
  5 tentacled starspawn
  6 ancient champions
  A sphinx (shapeshifter) (Vaults:5)
  5 sphinxes
  2 death cobs (Zot:2)
  5 storm dragons
  3 revenants
  7 shadow dragons
  Ilsuiw (Shoals:4)
  12 tengu reavers
  8 draconian monks
  7 nagarajas (Snake:4)
  3 blood saints (Pan)
  2 thorn hunters (Abyss:3)
  19 fire giants
  A daeva (Abyss:3)
  3 iron dragons
  8 deep elf sorcerers
  21 frost giants
  18 vault wardens
  A fire giant (shapeshifter) (Pan)
  9 draconian knights
  3 draconian scorchers
  A ghost moth (shapeshifter) (Vaults:5)
  An orc warlord (Elf:2)
  A ghost moth (Zot:2)
  Aizul (Snake:4)
  14 cacodemons (Pan)
  2 draconian shifters (Zot:1)
  3 warmongers (Pan)
  3 curse skulls
  6 balrugs
  2 angels (Depths:1)
  7 deep elf elementalists
  21 ironheart preservers
  5 draconian stormcallers
  27 stone giants
  30 very ugly things
  7 draconian annihilators
  3 reapers
  2 spriggan defenders
  2 war gargoyles (Vaults:5)
  17 deep elf annihilators
  13 lorocyprocas (Pan)
  3 entropy weavers
  7 black suns (Pan)
  4 green draconians
  6 corrupters (Pan)
  A dire elephant (shapeshifter) (Depths:3)
  4 white draconians
  9 deep elf demonologists
  8 vampire knights
  7 black draconians
  6 yellow draconians
  15 red draconians
  7 purple draconians
  6 spark wasps
  A spark wasp (shapeshifter) (Vaults:5)
  8 blizzard demons
  4 eidola
  The ghost of zorance the Blocker, a journeyman MiFi of Qazlal (D:12)
  13 deep elf death magi
  A quicksilver dragon zombie (Crypt:1)
  22 ettins
  7 merfolk impalers
  9 jiangshi
  14 yaktaur captains
  7 fire dragons
  11 great orbs of eyes
  4 green deaths
  Josephine (Snake:1)
  2 crystal guardians (Vaults:4)
  18 ogre magi
  9 ice dragons
  30 vault guards
  4 deep elf high priests
  6 rakshasas
  4 hydras
  6 merfolk avatars
  A hell beast (Pan)
  11 monstrous demonspawn (Pan)
  6 merfolk aquamancers
  3 centaur warriors
  10 naga warriors
  4 spriggan air magi
  7 anacondas
  6 death knights
  A catoblepas (D:11)
  54 two-headed ogres
  3 satyrs (Shoals:4)
  A hell hog (Abyss:1)
  10 death yaks
  4 deep troll shamans
  A tengu warrior (Depths:5)
  14 dancing weapons
  12 deep troll earth magi
  12 small abominations
  2 orc high priests (Elf:2)
  10 naga sharpshooters (Snake:4)
  6 spriggan berserkers
  7 vampire magi
  5 thrashing horrors
  2 shock serpents
  6 iron trolls
  23 soul eaters
  A spriggan (Depths:3)
  26 deep elf knights
  6 hell knights
  4 salamander mystics
  13 sun demons
  A fire crab (shapeshifter) (Elf:1)
  5 shadow wraiths
  16 skeletal warriors
  6 wretched stars
  The ghost of zodiak12 the Shield-Bearer, a novice DsFi (D:8)
  12 sixfirhies
  22 deep trolls
  5 glowing orange brains
  A golden dragon zombie (Depths:2)
  6 wizards
  9 flayed ghosts
  4 infernal demonspawn (Pan)
  2 gelid demonspawn (Pan)
  14 sea snakes
  6 shadow demons (Pan)
  8 naga ritualists
  An orange crystal statue (Depths:4)
  20 ironbrand convokers
  8 torturous demonspawn
  7 harpies
  28 deep elf archers
  78 deep elf magi
  19 phantasmal warriors
  Pikel (D:7)
  A lindwurm (shapeshifter) (Vaults:3)
  A shadow dragon zombie (Crypt:1)
  6 necromancers
  An anaconda skeleton (Crypt:2)
  A golden dragon skeleton (Depths:2)
  12 orc knights
  2 harpies (shapeshifter)
  2 shadow dragon skeletons
  11 mana vipers
  5 orc sorcerers
  An orb spider (shapeshifter) (Abyss:3)
  18 manticores
  A frost giant zombie (Depths:1)
  A wolf spider zombie (D:13)
  A manticore (shapeshifter) (Vaults:1)
  3 shining eyes (Pan)
  43 ugly things
  7 wolf spiders
  8 fauns
  An iron dragon zombie (Crypt:2)
  9 cyclopes
  11 moths of wrath
  3 worldbinders
  A stone giant zombie (Crypt:2)
  4 salamanders
  2 fire giant zombies
  A dire elephant zombie (Crypt:1)
  2 eyes of devastation (Pan)
  10 merfolk sirens
  A stone giant skeleton (Crypt:2)
  12 naga magi
  A fire giant skeleton (Crypt:2)
  4 guardian serpents
  2 rust devils (Pan)
  9 water nymphs
  27 black mambas
  25 vault sentinels
  4 apocalypse crabs (Abyss:3)
  10 spiny frogs
  A frost giant skeleton (Crypt:2)
  27 smoke demons
  2 gargoyles
  15 orange demons
  6 tormentors (Pan)
  5 rime drakes
  2 yaktaurs (shapeshifter)
  5 kobold demonologists (D:14)
  6 komodo dragons
  2 swamp worm zombies
  7 freezing wraiths
  20 demonic crawlers
  An efreet (D:13)
  5 ancient zymes
  5 hellwings (Pan)
  A tengu conjurer (D:12)
  30 yaktaurs
  4 red devils
  A jumping spider (shapeshifter) (Depths:4)
  10 trolls
  An ice devil (Pan)
  7 wind drakes
  A jumping spider (Vaults:3)
  21 polar bears
  A queen bee (shapeshifter) (Vaults:4)
  31 merfolk
  A meliai (shapeshifter) (Depths:2)
  5 hornets
  A merfolk (shapeshifter) (Vaults:5)
  A hydra skeleton (Crypt:2)
  45 large abominations
  3 bog bodies (Crypt:2)
  28 slime creatures
  A dream sheep (shapeshifter) (Abyss:2)
  11 blink frogs
  A hippogriff (shapeshifter) (Vaults:5)
  A fire dragon zombie (Crypt:1)
  19 raiju
  9 hippogriffs
  5 dream sheep
  6 snapping turtles
  2 redbacks (Vaults:3)
  2 spriggans (shapeshifter)
  11 flying skulls
  Sigmund (D:3)
  9 air elementals
  A spriggan simulacrum (Depths:1)
  2 wyverns
  20 wraiths
  17 water elementals
  A yak (shapeshifter) (Vaults:2)
  4 spriggan skeletons
  A vampire (D:14)
  A guardian serpent skeleton (Crypt:1)
  56 yaks
  23 ynoxinuls
  A human (shapeshifter) (Vaults:1)
  6 basilisks
  A fire bat (shapeshifter) (Vaults:3)
  2 fire bats (Abyss:2)
  A golden eye (shapeshifter) (Vaults:2)
  A golden eye (Pan)
  A tyrant leech zombie (Crypt:2)
  A fire dragon skeleton (Crypt:3)
  21 neqoxecs
  6 wargs
  4 fire elementals
  3 hungry ghosts
  20 chaos spawn
  Menkaure (D:4)
  A merfolk zombie (Crypt:2)
  44 nagas
  An acid dragon (Vaults:1)
  An acid dragon (shapeshifter) (Vaults:5)
  2 spatial vortices (Abyss:3)
  4 floating eyes
  26 water moccasins
  8 porcupines
  An orb spider zombie (Crypt:2)
  A human skeleton (Depths:2)
  A gelid demonspawn skeleton (Crypt:1)
  11 ice beasts
  39 orc warriors
  3 phantoms
  A hornet zombie (D:14)
  A black bear (shapeshifter) (Depths:2)
  3 eyes of draining (shapeshifter)
  8 boggarts
  3 sky beasts
  A necrophage (D:8)
  2 eyes of draining
  55 ogres
  2 snapping turtle zombies
  7 centaurs
  A torpor snail zombie (Crypt:2)
  24 wolves
  A manticore skeleton (Crypt:1)
  12 crocodiles
  11 big kobolds
  A yaktaur skeleton (Crypt:1)
  20 bullfrogs
  2 earth elementals (Elf:1)
  2 wyvern zombies
  3 scorpions
  A warg zombie (Crypt:2)
  A water moccasin skeleton (D:10)
  15 killer bees
  18 wights
  2 howler monkeys (D:9)
  5 electric eels
  6 crimson imps
  4 centaur zombies
  21 starcursed masses
  3 jellies
  2 bullfrog zombies
  18 orc wizards
  2 bullfrog skeletons
  6 centaur skeletons
  15 orc priests
  Crazy Yiuf (D:7)
  11 hounds
  An iron imp (Abyss:3)
  Natasha (twice) (D:3)
  Ijyb (D:3)
  4 iguanas
  8 worker ants
  A demigod skeleton (Crypt:3)
  A big kobold skeleton (Crypt:1)
  A hound zombie (D:6)
  3 hound skeletons
  A swamp drake zombie (Crypt:2)
  An adder (shapeshifter) (Vaults:4)
  17 adders
  9 shadow imps
  3 white imps
  3 ufetubi
  3 oozes
  An iguana zombie (Crypt:1)
  3 worms
  A dart slug (D:1)
  10 leopard geckos
  88 orcs
  6 bats
  4 giant cockroaches
  12 goblins
  7 hobgoblins
  11 jackals
  52 kobolds
  6 quokkas
  A ball python (D:2)
  A ball python zombie (Crypt:2)
  5 frilled lizards
  A goblin (shapeshifter) (Depths:3)
  A jackal skeleton (Crypt:1)
  A leopard gecko zombie (D:6)
  A quokka skeleton (D:7)
  5 rats
  3 rat zombies (D:4)
  3 crawling corpses (Elf:3)
  A fungus (Lair:6)
  A lurking horror (Abyss:3)
  17 plants (Shoals:4)
  4 starspawn tentacles
  3 tentacles (Shoals:1)
2834 creatures vanquished.

Vanquished Creatures (collateral kills)
  A juggernaut (Depths:1)
  A pandemonium lord (Pan)
  Nikola (Vaults:2)
  2 Tzitzimimeh (Pan)
  An Ice Fiend (Pan)
  2 titans
  A deep elf blademaster (Crypt:1)
  A kraken (Shoals:1)
  A death cob (Zot:2)
  A draconian monk (Depths:5)
  A shadow dragon (Depths:5)
  A tengu reaver (Depths:2)
  A nagaraja (Snake:4)
  A frost giant (Zot:1)
  2 fire giants
  2 corrupters (Pan)
  A deep elf sorcerer (Elf:3)
  A balrug (Abyss:3)
  An angel (Pan)
  2 ironheart preservers (Vaults:2)
  3 very ugly things
  A stone giant (Orc:2)
  A blood saint (Pan)
  2 white draconians (Zot:2)
  A yellow draconian (Zot:1)
  A purple draconian (Zot:1)
  An ettin (Vaults:5)
  A deep elf high priest (Vaults:5)
  2 vault guards
  2 rakshasas (Abyss:3)
  2 anacondas
  4 two-headed ogres
  A hydra (D:14)
  A centaur warrior (Vaults:3)
  3 dancing weapons
  A deep troll shaman (Depths:4)
  A hell knight (Vaults:5)
  A shock serpent (Snake:4)
  A deep elf knight (Crypt:2)
  A sixfirhy (Pan)
  An infernal demonspawn (Pan)
  A flayed ghost (Vaults:5)
  A torturous demonspawn (Pan)
  3 deep trolls
  A deep elf archer (Crypt:3)
  A wolf spider (Vaults:4)
  4 ugly things
  6 deep elf magi
  A mana viper (Snake:2)
  A faun (Shoals:1)
  A worldbinder (Abyss:3)
  A vault sentinel (Vaults:1)
  2 guardian serpents (Snake:4)
  2 black mambas
  A naga mage (Snake:4)
  2 orange demons (Pan)
  A centaur skeleton (D:12)
  A red devil (Pan)
  A troll (D:12)
  2 ancient zymes
  2 slime creatures
  A hippogriff (D:9)
  3 raiju (Abyss:3)
  A starcursed mass (Abyss:3)
  An air elemental (Elf:3)
  A flying skull (Crypt:3)
  Grum (D:9)
  A basilisk (Lair:3)
  2 chaos spawn (Pan)
  A neqoxec (Pan)
  A small abomination (Abyss:3)
  6 nagas
  A large abomination (Pan)
  A water moccasin (Lair:3)
  A floating eye (Pan)
  A sky beast (D:9)
  2 orc warriors
  A wolf (Lair:2)
  2 ogres
  A boggart (Vaults:1)
  2 centaurs (Vaults:3)
  A bullfrog (D:5)
  3 killer bees
  An electric eel (D:11)
  A wight (Crypt:2)
  A howler monkey (D:14)
  4 crimson imps
  2 hounds
  An orc wizard (D:9)
  An ufetubus (Abyss:3)
  A leopard gecko (D:6)
  4 orcs
  A jackal (D:11)
  2 kobolds (D:8)
  A ball python (D:7)
  A butterfly (Lair:2)
148 creatures vanquished.

Vanquished Creatures (others)
  A deep elf master archer (Crypt:1)
  An eldritch tentacle (Pan)
  A fire giant (Vaults:5)
  A draconian stormcaller (Zot:1)
  A green draconian (Zot:1)
  A corrupter (Pan)
  4 merfolk javelineers
  2 yaktaur captains
  A vault guard (Vaults:5)
  A merfolk aquamancer (Shoals:2)
  A satyr (Shoals:2)
  2 naga sharpshooters
  A deep elf knight (Elf:1)
  3 deep elf magi
  2 fauns (Shoals:4)
  2 cyclopes
  11 yaktaurs
  A raiju (Abyss:3)
  A golden eye (Pan)
  A chaos spawn (Pan)
  A neqoxec (Pan)
  A large abomination (Abyss:2)
  An orc warrior (Vaults:5)
  An eye of draining (Pan)
  An ice beast (D:7)
  A centaur (Shoals:4)
  An ogre (Vaults:5)
  An orc wizard (Vaults:5)
  2 orcs
  A briar patch (Abyss:3)
  2 fungi (Lair:4)
  4 lurking horrors (Abyss:3)
  12 plants
  6 starspawn tentacles
  3 tentacles (Shoals:1)
77 creatures vanquished.

Grand Total: 3059 creatures vanquished
